Map: Ulrena

Players

hrDG - Winner!

  • Race: Terran Terran
  • League: Master

ShinSeHa

  • Race: Terran Terran
  • League: Diamond

VOD

Have the link to the VOD?

Description

Time

  • Played on: June 5, 2016, 12:53 p.m.
  • Length: 11:40
Show
View Real Time Build Order
Export as new Build Order

hrDG Terran - Winner!

Build Orders: Mech 

Get SALT Encoding   

  12  0:00  SCV  
  13  0:13  SCV  
  14  0:18  Supply Depot  
  14  0:25  SCV  
  15  0:40  SCV  
  15  0:41  Barracks  
  16  0:44  Refinery  
  16  0:52  SCV  
  18  1:04  SCV  
  18  1:16  SCV  
  19  1:28  Marine, Supply Depot  
  19  1:32  Orbital Command  
  20  1:45  Marine  
  21  1:52  Factory  
  21  1:59  SCV  
  22  2:02  Refinery  
  22  2:06  Marine, Supply Depot  
  23  2:11  SCV  
  24  2:23  SCV  
  25  2:35  SCV  
  25  2:37  Starport, Factory Tech Lab  
  26  2:40  Marine  
  27  2:48  Command Center  
  27  2:51  SCV  
  28  3:00  Cyclone  
  28  3:04  SCV  
  33  3:06  Marine  
  34  3:14  Viking  
  34  3:19  Supply Depot  
  36  3:22  SCV  
  37  3:34  SCV  
  37  3:40  Engineering Bay  
  38  3:41  Hellion  
  40  3:51  Raven  
  40  3:53  SCV  
  43  4:00  Barracks Reactor  
  43  4:01  Orbital Command  
  43  4:05  SCV  
  44  4:11  Hellion  
  46  4:17  SCV  
  46  4:21  Factory  
  46  4:22  Missile Turret  
  47  4:33  SCV  
  48  4:40  SCV  
  48  4:41  Marine x2  
  48  4:44  Starport Reactor  
  51  4:46  Siege Tank  
  51  4:52  SCV x2  
  56  4:56  Supply Depot  
  56  4:59  Armory  
  56  5:03  Orbital Command  
  56  5:04  Missile Turret  
  56  5:09  Missile Turret  
  56  5:16  Hellion x2  
  56  5:21  Siege Tank  
  63  5:24  SCV  
  64  5:31  SCV  
  65  5:38  Refinery  
  65  5:46  Refinery  
  65  5:48  Supply Depot  
  65  5:52  Hellion x2  
  65  5:53  SCV  
  70  6:10  SCV x2, Siege Tank  
  75  6:12  Supply Depot  
  75  6:13  Supply Depot  
  75  6:14  Terran Vehicle Weapons Level 1  
  75  6:27  Hellion  
  77  6:32  Supply Depot  
  77  6:33  SCV  
  77  6:34  SCV, Viking x2, Hellion  
  85  6:41  Supply Depot  
  85  6:45  Factory, SCV  
  85  6:46  SCV  
  87  6:49  Factory  
  87  6:57  Infernal Pre-Igniter, SCV  
  87  6:58  SCV  
  89  7:06  Medivac  
  89  7:08  Viking  
  93  7:09  SCV  
  93  7:10  Supply Depot  
  93  7:11  SCV  
  95  7:23  Hellion x2  
  99  7:30  Command Center  
  99  7:36  SCV x2  
  101  7:51  Bunker  
  101  7:55  Missile Turret  
  101  7:58  Factory Tech Lab x2  
  101  7:59  Thor  
  101  8:00  Hellion x2  
  101  8:02  Supply Depot  
  111  8:07  SCV x2  
  111  8:08  Terran Vehicle And Ship Armor Level 1  
  111  8:09  Armory  
  113  8:17  Viking  
  115  8:21  Viking  
  115  8:24  Hellion x2  
  115  8:25  SCV x2  
  123  8:35  Supply Depot x2  
  123  8:37  SCV  
  123  8:42  Thor  
  129  8:49  Thor  
  129  8:52  SCV  
  129  8:53  SCV  
  137  8:56  Planetary Fortress  
  137  9:01  Missile Turret  
  137  9:06  Missile Turret  
  137  9:14  Thor  
  143  9:17  Refinery  
  143  9:18  SCV x2  
  143  9:19  Refinery  
  143  9:23  Supply Depot  
  145  9:30  Hellion  
  147  9:33  SCV x2  
  147  9:34  SCV  
  149  9:50  Command Center  
  149  10:02  Hellion x2, Thor  
  149  10:06  Supply Depot  
  159  10:15  Siege Tank  
  162  10:27  Hellion, Thor  
  170  10:33  Supply Depot  
  172  10:42  Hellion  
  172  10:51  Supply Depot  
  172  10:54  Thor  
  172  10:55  Hellion  
  172  10:56  Supply Depot  
  180  11:18  Refinery  
Show
View Real Time Build Order
Export as new Build Order

ShinSeHa Terran 

Build Orders: 1/1/1, Mech 

Get SALT Encoding   

  12  0:00  SCV  
  13  0:12  SCV  
  14  0:18  Supply Depot  
  14  0:24  SCV  
  15  0:39  SCV  
  16  0:43  Barracks  
  16  0:46  Refinery  
  16  0:51  SCV  
  17  0:57  Refinery  
  17  1:03  SCV  
  18  1:15  SCV  
  19  1:31  Marine  
  21  1:34  Factory  
  21  1:37  Orbital Command  
  20  1:48  Marine  
  20  1:56  Supply Depot  
  20  2:03  SCV  
  20  2:07  Marine  
  22  2:15  SCV  
  23  2:19  Starport  
  23  2:24  Factory Tech Lab  
  23  2:25  Marine  
  24  2:30  SCV  
  25  2:38  Supply Depot  
  25  2:42  Siege Tank  
  28  2:48  Supply Depot  
  28  2:50  Barracks Reactor  
  28  2:53  SCV  
  29  3:02  Viking  
  31  3:09  SCV  
  32  3:20  Siege Tank  
  32  3:24  SCV  
  36  3:40  Supply Depot  
  32  3:41  Viking  
  38  3:50  Viking  
  38  3:54  Engineering Bay  
  40  3:56  Widow Mine  
  40  4:01  SCV  
  43  4:14  Viking  
  45  4:25  Viking  
  47  4:44  Command Center  
  47  4:55  SCV  
  48  5:03  Raven  
  48  5:05  Hellion x2  
  54  5:09  SCV  
  54  5:14  Supply Depot  
  55  5:32  SCV  
  55  5:44  SCV  
  55  5:46  Command Center  
  56  5:51  Raven  
  56  5:56  SCV  
  59  6:03  SCV  
  59  6:24  SCV  
  59  6:25  Hellion x2  
  62  6:28  Supply Depot  
  62  6:29  Supply Depot  
  62  6:34  Raven  
  62  6:36  SCV  
  66  6:48  SCV  
  66  6:50  Orbital Command  
  66  7:00  Hellion x2, SCV x2  
  72  7:11  Factory  
  72  7:14  SCV  
  72  7:15  Factory  
  73  7:16  SCV  
  73  7:21  SCV  
  75  7:32  SCV  
  75  7:35  Refinery  
  76  7:37  Refinery  
  76  7:39  Viking  
  76  7:40  Viking  
  76  7:41  SCV  
  76  7:42  Orbital Command  
  81  7:46  SCV  
  81  7:49  Missile Turret  
  80  7:53  SCV  
  80  7:58  SCV  
  82  8:01  Liberator  
  82  8:04  Factory Tech Lab x2  
  82  8:05  SCV  
  83  8:06  Factory Reactor  
  84  8:12  SCV  
  84  8:13  SCV  
  88  8:24  Siege Tank  
  88  8:25  SCV x2  
  93  8:33  Command Center  
  93  8:44  SCV x2  
  93  8:45  Armory  
  93  8:47  Armory  
  95  8:50  Siege Tank  
  95  8:51  Hellion x2  
  102  8:56  SCV  
  102  9:01  Orbital Command, Siege Tank  
  106  9:06  Viking  
  106  9:07  SCV  
  109  9:11  SCV  
  109  9:16  Hellion x2  
  114  9:19  SCV  
  114  9:20  Supply Depot  
  114  9:21  Supply Depot  
  115  9:28  SCV  
  116  9:41  Refinery  
  116  9:42  Refinery, Viking, Siege Tank, Supply Depot  
  116  9:44  Supply Depot  
  121  9:46  SCV x3  
  124  9:56  Siege Tank  
  124  9:58  SCV x3  
  130  10:04  Missile Turret  
  130  10:24  Hellion x2, Siege Tank  
  130  10:25  Viking x2  
  139  10:40  SCV x3, Sensor Tower  
  139  10:41  Planetary Fortress  
  142  10:43  Hellion, Sensor Tower  
  142  10:45  Hellion  
  142  10:46  Hellion  
  142  10:48  Refinery  
  142  10:49  Refinery  
  148  10:52  SCV x2  
  148  10:53  SCV  
  148  10:56  Viking  
  153  10:58  Viking  
  155  11:04  SCV x2  
  155  11:05  SCV, Missile Turret  
  155  11:06  Missile Turret  
  155  11:09  Missile Turret  
  155  11:10  Missile Turret  
Tags
 
Composition
MechMech
Matchup
TvT
Opening
1/1/1
Race
Terran
Add a new tag
Caveats
  • Supply blocks, unpowered buildings, or Contaminate may cause inaccurate times.
  • Supply counts are checked every 10 seconds.